 Dungeon Crawl Stone Soup version 0.25.1-1-g288607f5aa (webtiles) character file.

Game seed: 17249341571559849351

8292 Ijustatesigmund the Cleaver (level 11, -9/80 HPs)
             Began as an Octopode Gladiator on July 22, 2020.
             Was an Elder of Cheibriados.
             Mangled by an orc knight
             ... wielding a +0 war axe
              (19 damage)
             ... in a bailey.
             The game lasted 00:23:04 (13163 turns).

Ijustatesigmund the Cleaver (Octopode Gladiator)   Turns: 13163, Time: 00:23:05

Health: -9/80      AC:  2    Str: 24    XL:     11   Next: 28%
Magic:  0/16       EV: 18    Int: 21    God:    Cheibriados [****..]
Gold:   916        SH:  0    Dex: 21    Spells: 10/10 levels left

rFire    . . .     SeeInvis .   a - +3 war axe
rCold    + . .     Gourm    .   (no shield)
rNeg     . . .     Faith    .   b - +1 hat
rPois    +         Spirit   +   g - amulet of guardian spirit
rElec    .         Reflect  .   l - ring of protection from cold
rCorr    +         Harm     .   n - ring of poison resistance
MR       .....     Rnd*Tele +   F - ring of resist corrosion
Stlth    +++++.....             (no ring)
HPRegen  0.23/turn              (no ring)
MPRegen  0.15/turn              (no ring)
                                (no ring)
                                (no ring)

@: marked, very slow
A: almost no armour, stealthy swim, amphibious, 8 rings, constrict 8, camouflage
1, clumsy 1, teleportitis 1, gelatinous body 1
a: Bend Time, Temporal Distortion, Slouch, Renounce Religion


You were in a bailey.
You worshipped Cheibriados.
Cheibriados was greatly pleased with you.
You were not hungry.

You visited 2 branches of the dungeon, and saw 12 of its levels.
You also visited: Bailey.

You collected 916 gold pieces.

Inventory:

Hand Weapons
 a - a +3 war axe (weapon)
 H - a +1 morningstar of freezing
Missiles
 c - 4 throwing nets (quivered)
 e - 33 poisoned darts
 p - 9 curare-tipped darts
Armour
 b - a +1 hat (worn)
Jewellery
 g - an amulet of guardian spirit (around mantle)
 l - a ring of protection from cold (left tentacle)
 n - a ring of poison resistance (right tentacle)
 q - an uncursed ring of ice
 F - a ring of resist corrosion (on tentacle)
Wands
 u - a wand of paralysis (19)
 v - a wand of polymorph (19)
 y - a wand of flame (26)
 z - a wand of acid (1)
 A - a wand of iceblast (5)
Scrolls
 k - 3 scrolls of teleportation
 m - 3 scrolls of enchant armour
 r - 3 scrolls of amnesia
 t - 2 scrolls of magic mapping
 w - 6 scrolls of identify
 B - 4 scrolls of remove curse
 G - a scroll of fear
Potions
 h - 3 potions of stabbing
 i - a potion of magic
 j - 6 potions of brilliance
 o - a potion of curing
 s - a potion of resistance
 D - 7 potions of flight
Comestibles
 d - 13 rations


   Skills:
 - Level 9.6 Fighting
 - Level 9.8 Axes
 + Level 4.6 Throwing
 - Level 5.9 Dodging
 + Level 8.2 Stealth
 + Level 7.2 Invocations


You had 10 spell levels left.
You didn't know any spells.
Your spell library contained the following spells:

 Spells                   Type           Power        Failure   Level  Hunger
 Sandblast                Erth           #.....       19%         1    ##.....
 Summon Small Mammal      Summ           #...         19%         1    ##.....
 Call Imp                 Summ           #.......     26%         2    ###....
 Passwall                 Tmut/Erth      #.......     26%         2    ###....
 Poisonous Vapours        Pois/Air       #.....       26%         2    ###....
 Call Canine Familiar     Summ           #.......     47%         3    ####...
 Conjure Flame            Conj/Fire      #.......     47%         3    ####...
 Mephitic Cloud           Conj/Pois/Air  #.......     47%         3    ####...
 Stone Arrow              Conj/Erth      #.....       47%         3    ####...
 Summon Guardian Golem    Hex/Summ       #.......     47%         3    ####...
 Petrify                  Tmut/Erth      #.......     87%         4    #####..
 Summon Ice Beast         Ice/Summ       #.......     87%         4    #####..
 Summon Lightning Spire   Summ/Air       #.......     87%         4    #####..
 Bolt of Magma            Conj/Fire/Erth #.........   99%         5    ######.
 Iskenderun's Battlesphe  Conj/Chrm      #.......     99%         5    ######.
 Lee's Rapid Deconstruct  Erth           #.........   99%         5    ######.
 Freezing Cloud           Conj/Ice/Air   #.........   100%        6    #######
 Iron Shot                Conj/Erth      #.........   100%        6    #######
 Orb of Destruction       Conj           #.........   100%        7    #######
 Ring of Flames           Chrm/Fire      #.........   100%        7    #######
 Spellforged Servitor     Conj/Summ      #.........   100%        7    #######


Dungeon Overview and Level Annotations

Branches:
Dungeon (11/15)            Temple (1/1) D:7            Lair (0/6) D:11
 Bailey (1/1)
    Orc: D:9-12

Altars:
Ashenzari
Cheibriados
Dithmenos
Elyvilon
Fedhas
Gozag
Hepliaklqana
Kikubaaqudgha
Makhleb
Nemelex Xobeh
Okawaru
Qazlal
Ru
Sif Muna
Trog
Uskayaw
Vehumet
Wu Jian
Xom
Yredelemnul
Zin
The Shining One

Shops:
D:4 =   D:5 }

Annotations:
D:8 1 runed translucent door, RandomHacker's ghost, novice GnWr
D:11 Erolcha


Innate Abilities, Weirdness & Mutations

You cannot wear most types of armour.
You are very stealthy in the water. (Stealth+)
You are amphibious.
You can wear up to eight rings at the same time.
You can use your tentacles to constrict eight enemies at once.
Your skin changes colour to match your surroundings (Stealth+).
Your rubbery body absorbs attacks. (AC +1, EV +1)
You are clumsy. (Dex -2)
You are occasionally teleported next to monsters.


Message History

Press: ? - help, Shift-Dir - straight line, f - orc knight
Aim: an orc knight, wielding a +0 war axe and wearing a +0 scale mail (heavily wounded, constricted by you)
You throw a throwing net.
The throwing net completely misses the orc knight.
The throwing net closely misses the kobold. x2
You constrict the orc knight.
Evoke which item? (* to show all) (? for menu, Esc to quit)
Aiming: Corrosive Bolt
Press: ? - help, Shift-Dir - straight line, f/p - orc knight
Aim: an orc knight, wielding a +0 war axe and wearing a +0 scale mail (heavily wounded, constricted by you)
The bolt of acid hits the orc knight!
The orc knight is splashed with acid!
The acid corrodes the orc knight!
The orc knight is severely wounded.
The bolt of acid hits the kobold!
The kobold is splashed with acid.
The acid corrodes the kobold!
You kill the kobold!
Cheibriados thoroughly appreciates the change of pace.
The bolt of acid misses the kobold.
You constrict the orc knight.
The orc knight hits you with a +0 war axe!!
You die...

##..∩......####
##.............####
###≈≈≈≈≈≈≈≈≈........###
###≈≈≈≈≈≈≈≈≈≈≈≈≈≈.......##
###≈≈≈≈#########≈≈≈≈≈......##
###≈≈≈≈≈∩#.......#∩≈≈≈≈≈≈≈....###
≈≈≈≈≈≈####.......####)≈≈≈≈≈≈≈≈≈≈#
≈≈≈≈.(#..####'####..#()...≈≈≈≈≈≈≈
≈≈≈.###..(...K(o@(.(#'#..(...#≈≈≈
≈≈..# '..####'####).#[#.)...#####
....# #..# ... #..###)......#
#...# #..# #(.#....⌠.....# ##..#
#### ##)#..(......## #...
#...(.......## ##...
.......(.....#### #####
.#############


You could see an orc knight (corroded) and a kobold.

Vanquished Creatures
  A tengu warrior (D:11)
  2 two-headed ogres
  4 centaur skeletons
  2 hippogriffs (D:10)
  A shadow (D:11)
  Sigmund (D:6)
  5 yaks
  A wyvern (D:8)
  7 orc warriors
  A black bear (D:11)
  An ice beast (D:8)
  A sky beast (D:6)
  A phantom (D:8)
  An ogre (D:7)
  A necrophage (D:11)
  A crocodile (D:7)
  A centaur (D:10)
  Blork the orc (D:4)
  2 big kobolds (D:8)
  4 bullfrogs
  4 scorpions
  19 killer bees
  A wight (D:6)
  2 jellies
  A howler monkey (D:5)
  3 crimson imps
  A bullfrog zombie (D:8)
  A centaur zombie (D:9)
  3 hounds
  A quasit (D:10)
  A bullfrog skeleton (D:5)
  Crazy Yiuf (D:2)
  A gnoll shaman (D:9)
  4 iguanas
  6 orc wizards
  7 worker ants
  A killer bee zombie (D:4)
  A hound skeleton (D:7)
  A worker ant zombie (D:6)
  2 howler monkey zombies
  8 gnolls
  13 adders
  3 shadow imps
  2 oozes
  4 worms
  2 dart slugs
  6 leopard geckos
  33 orcs
  6 giant cockroaches
  14 goblins
  11 hobgoblins
  9 jackals
  28 kobolds
  3 quokkas
  A ball python (D:7)
  9 bats
  8 frilled lizards
  A jackal zombie (D:5)
  A quokka zombie (D:6)
  9 rats
271 creatures vanquished.

Notes
Turn   | Place    | Note
-------+----------+-------------------------------------------
     0 | D:1      | Ijustatesigmund the Octopode Gladiator began the quest for
                  | the Orb.
     0 | D:1      | Reached XP level 1. HP: 14/14 MP: 1/1
    83 | D:1      | Reached XP level 2. HP: 13/20 MP: 2/2
   437 | D:1      | Reached XP level 3. HP: 25/25 MP: 3/3
  1240 | D:2      | Reached XP level 4. HP: 31/31 MP: 4/4
  1745 | D:2      | Found a runed translucent door.
  1746 | D:2      | Noticed Crazy Yiuf
  1752 | D:2      | Killed Crazy Yiuf
  1752 | D:2      | Reached XP level 5. HP: 37/37 MP: 5/5
  3378 | D:4      | Reached XP level 6. HP: 44/44 MP: 6/6
  3407 | D:4      | Reached skill level 5 in Axes
  3777 | D:4      | Gained mutation: You are occasionally teleported next to
                  | monsters. [potion of mutation]
  3777 | D:4      | Gained mutation: You have a beak for a mouth. [potion of
                  | mutation]
  3777 | D:4      | Gained mutation: Your system is resistant to poisons.
                  | (rPois) [potion of mutation]
  3865 | D:4      | Found Loipeu's Jewellery Boutique.
  4020 | D:4      | Found a hide-covered altar of Uskayaw.
  4375 | D:4      | Noticed Blork the orc
  4382 | D:4      | Killed Blork the orc
  4617 | D:5      | Entered Level 5 of the Dungeon
  4723 | D:5      | Reached XP level 7. HP: 49/49 MP: 7/7
  5005 | D:5      | Reached skill level 5 in Fighting
  5261 | D:5      | Found Ziplitt's Gadget Shoppe.
  5499 | D:6      | Noticed Sigmund
  5503 | D:6      | Killed Sigmund
  5517 | D:6      | Reached skill level 5 in Dodging
  5931 | D:6      | Reached XP level 8. HP: 55/57 MP: 8/8
  6955 | D:7      | Found a shattered altar of Ashenzari.
  6963 | D:7      | Reached skill level 1 in Stealth
  7104 | D:7      | Found a staircase to the Ecumenical Temple.
  7447 | D:7      | Found a hide-covered altar of Uskayaw.
  7527 | D:7      | Reached XP level 9. HP: 64/64 MP: 9/9
  8121 | Temple   | Entered the Ecumenical Temple
  8485 | D:8      | Found an opulent altar of Gozag.
  8529 | D:8      | Noticed a two-headed ogre
  8539 | D:8      | Killed a two-headed ogre
  8539 | D:8      | Reached skill level 5 in Stealth
  8613 | D:8      | Found a snail-covered altar of Cheibriados.
  8638 | D:8      | Became a worshipper of Cheibriados the Contemplative
  8868 | D:8      | Found a runed translucent door.
  8887 | D:8      | Reached skill level 1 in Invocations
  9337 | D:8      | Noticed RandomHacker's ghost (novice GnWr)
  9411 | D:9      | Reached * piety under Cheibriados
  9535 | D:9      | Reached XP level 10. HP: 42/73 MP: 10/12
 10653 | D:9      | Lost mutation: You have a beak for a mouth. [potion of
                  | mutation]
 10653 | D:9      | Lost mutation: Your system is resistant to poisons. (rPois)
                  | [potion of mutation]
 10653 | D:9      | Gained mutation: You are clumsy. (Dex -2) [potion of
                  | mutation]
 10653 | D:9      | Gained mutation: You are weak. (Str -2) [potion of
                  | mutation]
 10653 | D:9      | Lost mutation: You are weak. (Str -2) [potion of mutation]
 10722 | D:9      | Found a glowing silver altar of Zin.
 10763 | D:10     | Entered Level 10 of the Dungeon
 11012 | D:10     | Reached ** piety under Cheibriados
 11568 | D:10     | Noticed a two-headed ogre
 11577 | D:10     | Killed a two-headed ogre
 11577 | D:10     | Reached skill level 5 in Invocations
 12475 | D:10     | Reached XP level 11. HP: 80/80 MP: 15/15
 12540 | D:11     | Reached *** piety under Cheibriados
 12594 | D:11     | Noticed a tengu warrior
 12609 | D:11     | Killed a tengu warrior
 12619 | D:11     | Noticed Erolcha
 12665 | D:11     | Found a flagged portal.
 12670 | Bailey   | Entered a bailey
 13122 | Bailey   | Noticed an orc knight
 13149 | Bailey   | Reached **** piety under Cheibriados
 13163 | Bailey   | Mangled by an orc knight

Illustrated notes

Levels and vault maps discovered:
D:1:      matt_arrival_spirals, layout_basic, minmay_circled_x
D:2:      layout_loops_cross, serial_glass, glass_columns_a, glass_columns_c,
          glass_columns_a, glass_columns_b, uniq_crazy_yiuf_cottage
D:3:      layout_basic, first_ration
D:4:      layout_basic, marbit_many_paths, serial_shops, nicolae_shop_trees,
          uniq_blork_the_orc
D:5:      layout_loops_corners, serial_shops, shop_statue, supply_closet_lemuel,
          small_statue_intersection
D:6:      minmay_clustersquares, layout_loops_cross,
          kennysheep_decorative_pillar, uniq_sigmund
D:7:      layout_layer_cave, cheibrodos_ashenzari_chains,
          minmay_temple_entry_grid, basic_altar
D:8:      layout_basic, cheibriados_altar_1, grunt_gozag_breadcrumbs,
          ebering_ghost_inner_flame
D:9:      layout_rooms, lemuel_round_altar
D:10:     layout_basic
D:11:     layout_long_grid, david_lair_shrubbed, enter_bailey_3, the_bakery,
          hangedman_abyss_or_decor_stagger, uniq_erolcha
Temple:   minmay_crystal_spiral_temple
Bailey:   bailey_axe_4, bailey

Skill      XL: |  1  2  3  4  5  6  7  8  9 10 11 |
---------------+----------------------------------+-----
Fighting       | 3 4 5 7 8 9 |  9.6
Axes           | 4 5 6 7 8 9 |  9.8
Dodging        | 4 5 |  5.9
Stealth        | 3 5 6 8 |  8.2
Invocations    | 2 6 7 |  7.2
Throwing       | 3 4 |  4.6

Action                   |  1- 3 |  4- 6 |  7- 9 | 10-12 || total
-------------------------+-------+-------+-------+-------++-------
Melee: War axe           |    54 |   142 |   194 |   173 ||   563
       Constrict         |    15 |    40 |    41 |    32 ||   128
       Tentacles         |     6 |    21 |    43 |    45 ||   115
       Peck              |       |     4 |    43 |     8 ||    55
Throw: Throwing net      |       |     1 |       |     1 ||     2
       Dart              |       |       |     4 |    14 ||    18
Evoke: Wand              |       |       |     3 |     5 ||     8
  Use: Scroll            |     7 |    10 |    10 |     4 ||    31
       Potion            |       |     1 |     2 |     9 ||    12
 Stab: Sleeping          |     9 |    12 |    14 |    12 ||    47
       Distracted        |       |     1 |       |     3 ||     4
       Invisible         |       |       |       |     3 ||     3
  Eat: Chunk             |     1 |     9 |    11 |     3 ||    24
       Ration            |       |     1 |     1 |     1 ||     3
Armor: Skin              |    10 |    16 |    15 |    13 ||    54
Dodge: Dodged            |    45 |    98 |   143 |   221 ||   507
